 Dungeon Crawl Stone Soup version 0.26-a0-690-gcb57259078 (webtiles) character file.

Game seed: 18349275042972037994

68828 ringo67 the Impaler (level 15, 0/123 (124) HPs)
             Began as a Merfolk Gladiator on Oct 23, 2020.
             Was an Elder of Ashenzari.
             Slain by an orc warrior
             ... wielding a +2 hand axe of distortion
             ... led by an orc warlord
              (4 damage)
             ... on level 2 of the Orcish Mines.
             The game lasted 00:43:22 (30214 turns).

ringo67 the Impaler (Merfolk Gladiator)            Turns: 30214, Time: 00:43:22

HP:   0/123 (124)   AC:  3    Str: 20    XL:     15   Next: 27%
MP:   15/15         EV: 13    Int:  9    God:    Ashenzari [****..]
Gold: 1856          SH: 22    Dex: 15    Spells: 14/14 levels left

rFire    . . .     SeeInvis +   T - +0 trident "Bija" {flame, rElec rC+} (curse)
rCold    + . .     Faith    .   V - +0 tower shield
rNeg     . . .     Spirit   .   h - +1 chain mail {MR+} (curse)
rPois    .         Reflect  +   c - +1 helmet (curse)
rElec    +         Harm     .   (no cloak)
rCorr    .         Rampage  .   t - +0 pair of gloves
MR       ++++.     Clarity  +   (no boots)
Stlth    ..........             z - amulet of reflection
HPRegen  0.30/turn              D - ring "Obucewn" {+Fly MR+ Slay+2} (curse)
MPRegen  0.14/turn              E - ring of protection from magic

@: corroded
A: change form in water, swift swim, stealthy swim
a: Curse Item, Scrying, Renounce Religion, Evoke Flight


You were on level 2 of the Orcish Mines.
You worshipped Ashenzari.
Ashenzari was greatly pleased with you.
You visited 3 branches of the dungeon, and saw 18 of its levels.
You also visited: Volcano.

You collected 1856 gold pieces.

Inventory:

Hand Weapons
 m - a +1 trident of holy wrath
 T - the cursed +0 trident "Bija" (weapon) {flame, rElec rC+}
   (You found it on level 5 of the Lair of Beasts)

   It has been specially enchanted to burn those struck by it, causing extra
   injury to most foes and up to half again as much damage against particularly
   susceptible opponents.
   It protects you from cold.
   It insulates you from electricity.
   It has a curse placed upon it.
Missiles
 d - 3 throwing nets
 o - 52 poisoned darts (quivered)
 H - 7 curare-tipped darts
Armour
 c - a cursed +1 helmet (worn)
 h - a cursed +1 chain mail of magic resistance (worn)
 t - a +0 pair of gloves (worn)
 V - a +0 tower shield (worn)
Jewellery
 z - an amulet of reflection (around neck)
 B - an uncursed ring of resist corrosion
 D - the cursed ring "Obucewn" (left hand) {+Fly MR+ Slay+2}
   (You found it on level 9 of the Dungeon)

   [ring of flight]

   It affects your accuracy and damage with ranged weapons and melee attacks
   (+2).
   It affects your resistance to hostile enchantments.
   It lets you fly.
   It has a curse placed upon it.
 E - a ring of protection from magic (right hand)
 G - an uncursed ring of flight
 N - an uncursed amulet of guardian spirit
Wands
 i - a wand of disintegration (24)
 n - a wand of random effects (51)
 C - a wand of acid (6)
 I - a wand of enslavement (7)
 P - a wand of iceblast (6)
 W - a wand of paralysis (11)
Scrolls
 b - 3 scrolls of enchant armour
 g - 21 scrolls of identify
 j - 9 scrolls of teleportation
 q - a scroll of remove curse
 s - 4 scrolls of magic mapping
 y - 3 scrolls of immolation
 A - a scroll of holy word {unknown}
 J - a scroll of fear {unknown}
 K - 2 scrolls of amnesia
 L - 2 scrolls of acquirement {unknown}
 Q - a scroll of random uselessness {unknown}
Potions
 a - 3 potions of haste
 e - 4 potions of mutation {unknown}
 f - 6 potions of berserk rage {unknown}
 l - 2 potions of brilliance {unknown}
 p - 10 potions of curing
 r - 3 potions of lignification {unknown}
 u - 2 potions of magic {unknown}
 v - a potion of cancellation {unknown}
 w - a potion of might
 x - 2 potions of flight {unknown}
 F - a potion of degeneration {unknown}
 M - a potion of stabbing {unknown}
 R - a potion of resistance {unknown}
 U - a potion of heal wounds {unknown}
Miscellaneous
 S - a condenser vane (inert)


   Skills:
 + Level 13.3 Fighting
 - Level 20.1(22.7) Polearms
 - Level 2.0 Throwing
 + Level 7.0 Armour
 + Level 15.7 Dodging
 + Level 10.2 Shields


You had 14 spell levels left.
You didn't know any spells.
Your spell library contained the following spells:

 Spells                   Type           Power        Failure   Level
 Foxfire                  Conj/Fire      #...         100%        1
 Confusing Touch          Hex            #.......     100%        3
 Conjure Flame            Conj/Fire      #.......     100%        3
 Gell's Gravitas          Tloc           #.........   100%        3
 Inner Flame              Hex/Fire       #.......     100%        3
 Petrify                  Tmut/Erth      #.......     100%        4
 Sticky Flame             Conj/Fire      #.......     100%        4
 Fireball                 Conj/Fire      #.........   100%        5
 Metabolic Englaciation   Hex/Ice        #.........   100%        5
 Yara's Violent Unravell  Hex/Tmut       #.........   100%        5


Dungeon Overview and Level Annotations

Branches:
Dungeon (10/15)            Temple (0/1) D:7            Lair (6/6) D:9
  Swamp (0/4) Lair:3       Spider (0/4) Lair:4        Slime (0/5) Lair:6
    Orc (2/2) D:10            Elf (0/3) Orc:2       Volcano (visited)

Altars:
Ashenzari
Dithmenos
Fedhas
Okawaru
Ru
Beogh
Jiyva

Shops:
D:8 !   D:9 (   D:10 =   Orc:2 [


Message History

The orc high priest is severely wounded.
The soul eater closely misses you. You block the rust devil's attack.
You block the orc priest's attack.
The orc warrior hits you with a +2 hand axe of distortion!
Space warps horribly around you!!
* * * LOW HITPOINT WARNING * * *
The orc priest hits you.
* * * LOW HITPOINT WARNING * * *
You block the orc high priest's attack.
Clouds of noxious fumes condense around you!
The condenser dries out!
You block the rust devil's attack. You block the soul eater's attack.
The orc priest is engulfed in noxious fumes.
The orc priest appears confused.
The orc priest barely misses you.
The orc warrior is engulfed in noxious fumes.
The orc warrior appears confused.
The orc warrior hits you with a +2 hand axe of distortion!
* * * LOW HITPOINT WARNING * * *
Space bends around you.
You die...

.....####........##..o
,,,
####.####o8...8...8... *
#..#....))........... ,
* #.)'.####.8...8...8..
, 8
#[.#.####....)...##..,8,
* ####.#.[#.........##.
, .....'..#...#.§§§§.#
** #....#..##..##§4o§§#
* **
#....#####...#§o@o§#*
#.......##...##3oo§.#
#'#####.##....#§o§§.# **
...#..#.###...##§§...#
,,,*** ...#..'.# * ,
##...... ,, ####..###
,,* #......, ,, #### ,
#....., ,,* # ##.# *
*#.... * ####.## * , * ,
,, , *


You could see a soul eater (summoned), an orc high priest, a rust devil
(summoned), 2 orc warriors, 2 orc priests, an orc wizard (fast) and an orc.

Vanquished Creatures
  Rupert (Lair:5)
  2 orc warlords (Orc:2)
  A stone giant (Volcano)
  5 dire elephants (Lair:6)
  A boulder beetle (Lair:6)
  Harold (D:7)
  7 hydras
  An anaconda (Lair:6)
  3 two-headed ogres
  Erica (Lair:2)
  A catoblepas (Lair:6)
  An orc high priest (Orc:2)
  A queen ant (Lair:2)
  Nergalle (Lair:2)
  Sonja (Lair:3)
  An orc knight (Orc:2)
  Pikel (D:7)
  A deep elf mage (D:9)
  2 orc sorcerers (Orc:2)
  16 elephants
  4 black mambas
  3 gargoyles
  11 cane toads
  3 torpor snails
  An efreet (Volcano)
  11 komodo dragons
  3 rime drakes
  3 trolls
  9 blink frogs
  2 polar bears (Lair:6)
  8 dream sheep
  Sigmund (D:4)
  A tarantella (Lair:4)
  A spriggan (Lair:5)
  A shadow (D:10)
  A wraith (D:10)
  11 fire bats (Volcano)
  6 wyverns
  51 yaks
  2 basilisks
  A fire elemental (Volcano)
  3 wargs
  6 soldier ants
  12 water moccasins
  A black bear (Lair:3)
  An ice beast (D:6)
  A sky beast (D:5)
  35 orc warriors
  4 phantoms
  2 eyes of draining (D:10)
  14 ogres
  4 centaurs
  4 necrophages
  14 wolves
  3 big kobolds
  11 bullfrogs
  2 scorpions
  A troll zombie (D:10)
  A water moccasin skeleton (D:7)
  3 wights (D:8)
  A howler monkey (D:6)
  An electric eel (Lair:4)
  9 lava snakes
  3 bullfrog zombies
  2 centaur zombies
  2 jellies
  29 orc wizards
  A quasit (D:8)
  17 orc priests
  A gnoll shaman (D:8)
  4 hounds
  2 bullfrog skeletons
  2 centaur skeletons
  31 worker ants
  3 iguanas
  Terence (D:2)
  5 ogre zombies (D:10)
  A hound zombie (D:8)
  2 hound skeletons
  A worker ant zombie (D:6)
  A howler monkey zombie (D:8)
  5 mummies (D:8)
  7 gnolls
  12 adders
  2 shadow imps (D:10)
  4 white imps
  2 ufetubi
  2 leopard geckos (D:2)
  83 orcs
  2 ball pythons
  9 bats
  6 giant cockroaches
  3 goblins
  7 hobgoblins
  2 jackals (D:2)
  4 quokkas
  3 frilled lizards
  A goblin skeleton (D:10)
  2 goblin zombies (D:10)
  A hobgoblin skeleton (D:10)
  2 hobgoblin zombies (D:10)
  24 kobolds
  3 orc skeletons (D:10)
  10 orc zombies (D:10)
  A quokka skeleton (D:6)
  7 rats
628 creatures vanquished.

Vanquished Creatures (others)
  A fire vortex (Lair:4)
  19 fungi
  28 plants
48 creatures vanquished.

Grand Total: 676 creatures vanquished

Notes
Turn   | Place    | Note
-------+----------+-------------------------------------------
     0 | D:1      | ringo67 the Merfolk Gladiator began the quest for the Orb.
     0 | D:1      | Reached XP level 1. HP: 16/16 MP: 1/1
   244 | D:1      | Reached XP level 2. HP: 23/23 MP: 2/2
   555 | D:1      | Reached skill level 5 in Polearms
   948 | D:2      | Reached XP level 3. HP: 28/28 MP: 3/3
  1441 | D:2      | Reached XP level 4. HP: 25/34 MP: 4/4
  1549 | D:2      | Reached skill level 1 in Armour
  1681 | D:2      | Noticed Terence
  1703 | D:2      | Killed Terence
  1851 | D:2      | Reached skill level 6 in Polearms
  1952 | D:3      | Reached XP level 5. HP: 41/41 MP: 5/5
  2018 | D:3      | Reached skill level 5 in Dodging
  2703 | D:4      | Reached XP level 6. HP: 44/47 MP: 6/6
  2713 | D:4      | Reached skill level 7 in Polearms
  3258 | D:4      | Noticed Sigmund
  3286 | D:4      | Killed Sigmund
  3286 | D:4      | Reached XP level 7. HP: 44/54 MP: 7/7
  3581 | D:4      | Reached skill level 8 in Polearms
  4229 | D:5      | Entered Level 5 of the Dungeon
  4563 | D:5      | Found an iron altar of Okawaru.
  4747 | D:5      | Reached skill level 9 in Polearms
  4747 | D:5      | Reached XP level 8. HP: 47/61 MP: 8/8
  5300 | D:5      | Reached skill level 5 in Fighting
  5504 | D:5      | Got a twisted long sword
  5505 | D:5      | Identified the +4 long sword "Dameix" {protect, *Rage
                  | Int+5} (You found it on level 5 of the Dungeon)
  5627 | D:6      | Got a warped dagger
  5628 | D:6      | Identified the cursed +1 dagger of Trog's Benevolence
                  | {vorpal, rPois} (You found it on level 6 of the Dungeon)
  5726 | D:6      | Reached skill level 10 in Polearms
  5794 | D:6      | Found a broken altar of Ashenzari.
  5802 | D:6      | Became a worshipper of Ashenzari the Shackled
  6365 | D:7      | Found a staircase to the Ecumenical Temple.
  6384 | D:7      | Reached XP level 9. HP: 68/68 MP: 9/9
  6436 | D:7      | Reached skill level 11 in Polearms
  6935 | D:7      | Noticed Harold
  6966 | D:7      | Killed Harold
  7298 | D:7      | Found a blossoming altar of Fedhas.
  7456 | D:7      | Noticed Pikel
  7480 | D:7      | Killed Pikel
  7480 | D:7      | Reached skill level 12 in Polearms
  7758 | D:8      | Reached * piety under Ashenzari
  7829 | D:8      | Found an iron altar of Okawaru.
  7898 | D:8      | Reached XP level 10. HP: 79/79 MP: 10/10
  7983 | D:8      | Found Ehar's Distillery.
  8011 | D:8      | Reached skill level 13 in Polearms
  8813 | D:9      | Found a staircase to the Lair.
  8833 | D:9      | Identified the ring "Obucewn" {+Fly MR+ Slay+2}
  8849 | D:9      | Found Otiuw's Antique Weapon Boutique.
  9128 | D:9      | Reached skill level 5 in Armour
  9539 | D:10     | Entered Level 10 of the Dungeon
  9539 | D:10     | Noticed a deep elf mage
  9797 | D:9      | Killed a deep elf mage
 10180 | D:10     | Found Viarap's Jewellery Emporium.
 10215 | D:10     | Reached skill level 14 in Polearms
 10215 | D:10     | Reached skill level 10 in Dodging
 10271 | D:10     | Noticed a gargoyle
 10288 | D:10     | Killed a gargoyle
 10626 | D:10     | Reached skill level 1 in Shields
 10636 | D:10     | Reached XP level 11. HP: 57/86 MP: 11/11
 10952 | D:10     | Reached skill level 15 in Polearms
 10961 | D:10     | Found a staircase to the Orcish Mines.
 11128 | D:10     | Noticed a two-headed ogre
 11145 | D:10     | Killed a two-headed ogre
 11732 | D:10     | Found a sacrificial altar of Ru.
 12196 | D:10     | Reached ** piety under Ashenzari
 12603 | Lair:1   | Entered Level 1 of the Lair of Beasts
 12994 | Lair:1   | Reached skill level 16 in Polearms
 13837 | Lair:1   | Reached XP level 12. HP: 92/95 MP: 12/12
 14038 | Lair:2   | Noticed Erica
 14058 | Lair:2   | Killed Erica
 14482 | Lair:2   | Noticed a seven-headed hydra
 14498 | Lair:2   | Killed a seven-headed hydra
 15009 | Lair:2   | Reached skill level 5 in Shields
 15603 | Lair:3   | Reached skill level 10 in Fighting
 15605 | Lair:3   | Noticed Sonja
 15606 | Lair:3   | Reached skill level 17 in Polearms
 15871 | Lair:3   | Killed Sonja
 16751 | Lair:3   | Found a staircase to the Swamp.
 17210 | Lair:3   | Reached skill level 18 in Polearms
 17857 | Lair:3   | Reached XP level 13. HP: 103/103 MP: 13/13
 17916 | Lair:3   | Noticed Nergalle
 18566 | Lair:2   | Killed Nergalle
 18800 | Lair:3   | Found a shadowy altar of Dithmenos.
 20227 | Lair:4   | Reached skill level 19 in Polearms
 20567 | Lair:4   | Found a hole to the Spider Nest.
 22321 | Lair:5   | Found a dark tunnel.
 22330 | Volcano  | Entered a volcano
 23083 | Volcano  | Noticed a stone giant
 23119 | Volcano  | Killed a stone giant
 23119 | Volcano  | Reached XP level 14. HP: 75/113 MP: 14/14
 23256 | Volcano  | Found a burning altar of Makhleb.
 23718 | Lair:5   | Noticed Rupert
 23745 | Lair:5   | Killed Rupert
 23745 | Lair:5   | Reached skill level 20 in Polearms
 24008 | Lair:5   | Got the cursed trident "Bija" {flame, rElec rC+}
 24009 | Lair:5   | Identified the cursed +0 trident "Bija" {flame, rElec rC+}
                  | (You found it on level 5 of the Lair of Beasts)
 24021 | Lair:5   | Reached *** piety under Ashenzari
 24503 | Lair:6   | Entered Level 6 of the Lair of Beasts
 26427 | Lair:6   | Found a viscous altar of Jiyva.
 26437 | Lair:6   | Found a staircase to the Slime Pits.
 27057 | Lair:6   | Identified the cursed +3 quarterstaff "Xojaox Futu" {drain,
                  | *Slow rN+ Str+4 Stlth+}
 27161 | Lair:6   | Noticed a dire elephant
 27161 | Lair:6   | Noticed a dire elephant
 27178 | Lair:6   | Killed a dire elephant
 27178 | Lair:6   | Reached skill level 15 in Dodging
 27199 | Lair:6   | Killed a dire elephant
 27444 | Lair:6   | Noticed a dire elephant
 27484 | Lair:6   | Killed a dire elephant
 27547 | Lair:6   | Noticed a dire elephant
 27569 | Lair:6   | Killed a dire elephant
 27603 | Lair:6   | Noticed a dire elephant
 27624 | Lair:6   | Killed a dire elephant
 27792 | Orc:1    | Entered Level 1 of the Orcish Mines
 27941 | Orc:1    | Reached **** piety under Ashenzari
 28225 | Orc:1    | Found a roughly hewn altar of Beogh.
 28317 | Orc:2    | Entered Level 2 of the Orcish Mines
 28384 | Orc:2    | Reached XP level 15. HP: 121/121 MP: 15/15
 28894 | Orc:2    | Noticed an orc warlord
 28916 | Orc:2    | Killed an orc warlord
 29196 | Orc:2    | Reached skill level 10 in Shields
 29448 | Orc:2    | Found a staircase to the Elven Halls.
 29527 | Orc:2    | Found Ytuozoma's Armour Shop.
 29992 | Orc:2    | Noticed an orc warlord
 30062 | Orc:2    | Killed an orc warlord
 30214 | Orc:2    | HP: 4/123 [orc warrior/+2 hand axe of distortion[an orc
                  | warlord] (17)]
 30214 | Orc:2    | Slain by an orc warrior

Illustrated notes

Levels and vault maps discovered:
D:1:      tarquinn_simple_flora_water_a, layout_basic, chequers_big_river
D:2:      layout_basic, uniq_terence
D:3:      layout_loops_cross
D:4:      layout_basic, uniq_sigmund
D:5:      layout_basic, marbit_many_paths, grunt_ministairs_13
D:6:      layout_rooms, eino_tiny_chamber, cheibrodos_ashenzari_chains
D:7:      layout_basic, minmay_temple_entry_trees, fedhas_ov_isle_minmay,
          uniq_harold, uniq_pikel
D:8:      layout_cave_pools, serial_undead, serial_undead_c, serial_undead_c,
          serial_undead_a, serial_undead_a, serial_shops, shop, okawaru_trees_1
D:9:      layout_grid_maze, lair_entry_dummy, serial_shops, shop_statue
D:10:     layout_basic, zombieorc1_lemuel, basic_altar, serial_shops,
          nicolae_shop_window_shopping
Lair:1:   layout_cave_pods, lemuel_fruit_fields
Lair:2:   layout_cave_pods, uniq_erica
Lair:3:   layout_big_grid, swamp_mist, basic_altar, zaba_antful_of_joy,
          uniq_nergalle, uniq_sonja
Lair:4:   layout_gridlike, spider_nest_entry_rubble
Lair:5:   layout_regular_city, lightli_volcano_entry_magma_tube,
          grunt_forest_large_clearing_hut, uniq_rupert
Lair:6:   due_jungle_book, layout_gridlike, slime_altar_1
Orc:1:    layout_diamond_mine, basic_altar
Orc:2:    pubby_orc_utopia

Skill      XL: |  1  2  3  4  5  6  7  8  9 10 11 12 13 14 15 |
---------------+----------------------------------------------+-----
Polearms       | 5 6 7 9 10 12 14 16 18 19 20 | 20.1
Armour         | 1 2 3 4 5 6 7 |  7.0
Fighting       | 3 4 5 7 8 9 10 11 12 13 | 13.3
Dodging        | 5 6 7 9 10 11 12 14 15 | 15.7
Shields        | 1 4 6 8 9 10 | 10.2
Throwing       | |  2.0

Action                   |  1- 3 |  4- 6 |  7- 9 | 10-12 | 13-15 || total
-------------------------+-------+-------+-------+-------+-------++-------
Melee: Trident           |   111 |   147 |   424 |  1087 |  1772 ||  3541
       Tailslap          |     1 |       |     3 |       |    18 ||    22
       Dagger            |       |       |     4 |       |       ||     4
Throw: Dart              |       |     6 |     9 |     6 |    17 ||    38
       Throwing net      |       |     1 |     2 |     2 |       ||     5
Invok: Curse Item        |       |       |     1 |     1 |     1 ||     3
Evoke: Condenser vane    |       |       |       |       |     2 ||     2
  Use: Scroll            |       |       |     9 |     2 |     3 ||    14
       Potion            |       |       |     1 |       |       ||     1
 Stab: Sleeping          |     4 |       |       |       |       ||     4
       Held in net/web   |       |       |     2 |     3 |       ||     5
       Distracted        |       |       |       |     1 |       ||     1
       Confused          |       |       |       |       |     2 ||     2
Armor: Leather armour    |    24 |     8 |       |       |       ||    32
       Chain mail        |       |    42 |   116 |   210 |   285 ||   653
Dodge: Dodged            |    84 |    70 |   155 |   257 |   385 ||   951
Block: Other             |       |       |    46 |    43 |       ||    89
       Reflection        |       |       |     3 |    15 |    26 ||    44
       Kite shield       |       |       |       |   361 |   523 ||   884
       Tower shield      |       |       |       |       |   629 ||   629

Table legend: (Time is in decaauts)
 A = Elapsed time spent in this place.
 B = Non-inter-level travel time spent in this place.
 C = Inter-level travel time spent in this place.
 D = Time resting spent in this place.
 E = Time spent auto-exploring this place.
 F = Levels seen in this place.
 G = Mean time per level.
                   A        B        C        D        E       F      G
               +--------+--------+--------+--------+--------+-----+--------+
         Total |  29205 |  28549 |    656 |   9788 |  13812 |  19 | 1537.1 |
       Dungeon |  12425 |  12101 |    324 |   3246 |   6995 |  10 | 1242.5 |
          Lair |  13601 |  13296 |    305 |   5297 |   5838 |   6 | 2266.8 |
  Orcish Mines |   2195 |   2168 |     27 |    629 |    880 |   2 | 1097.5 |
       Volcano |    982 |    982 |      0 |    616 |     99 |   1 |  982.0 |
               +--------+--------+--------+--------+--------+-----+--------+

Top non-repeatable levels by time:
  Lair:2: 3199 daAuts
  Lair:6: 2623 daAuts
  Lair:3: 2491 daAuts
    D:10: 2181 daAuts
  Lair:4: 2124 daAuts
     D:9: 1723 daAuts
  Lair:5: 1718 daAuts
   Orc:2: 1703 daAuts
     D:4: 1603 daAuts
  Lair:1: 1444 daAuts
     D:5: 1380 daAuts
     D:7: 1372 daAuts
     D:2: 985 daAuts
 Volcano: 982 daAuts
     D:1: 905 daAuts
